 Dungeon Crawl Stone Soup version 0.31-a0-851-g7ff8af7976 (webtiles) character file.

Game seed: 9158339513125865946

33497 jasper the Cruncher (level 13, -11/82 HPs)
             Began as a Deep Elf Hedge Wizard on Oct 6, 2023.
             Was an Elder of Sif Muna.
             Mangled by an orc warlord
             ... wielding a +2 long sword of holy wrath
              (14 damage)
             ... on level 1 of the Orcish Mines.
             The game lasted 00:34:06 (20016 turns).

jasper the Cruncher (Deep Elf Hedge Wizard)        Turns: 20016, Time: 00:34:07

Health: -11/82     AC: 16    Str: 13    XL:     13   Next: 37%
Magic:  4/29       EV: 16    Int: 25    God:    Sif Muna [****..]
Gold:   963        SH:  0    Dex: 14    Spells: 17/32 levels left

rFire   . . .        t - staff of earth
rCold   . . .        J - orb "Lyucwae" {light, rPois Will- Str+6}
rNeg    . . .        V - +3 leather armour
rPois   +            T - +2 helmet
rElec   .            F - +0 cloak
rCorr   .            g - +0 pair of gloves
SInv    .            d - +0 pair of boots
Will    .....        (no amulet)
Stlth   +            n - ring of poison resistance
HPRegen 0.33/turn    Q - +4 ring of protection
MPRegen 0.21/turn

%: no passive effects
@: very slightly contaminated, glowing
A: no striking features
a: Renounce Religion, Channel Magic, Forget Spell, Divine Exegesis


You were on level 1 of the Orcish Mines.
You worshipped Sif Muna.
Sif Muna was greatly pleased with you.
You visited 4 branches of the dungeon, and saw 19 of its levels.

You collected 1193 gold pieces.
You spent 230 gold pieces at shops.

Inventory:

Missiles
 l - 28 poisoned darts
 q - 3 darts of dispersal
 P - 2 curare-tipped darts
Armour
 b - a +0 robe
 c - a +0 hat
 d - a +0 pair of boots (worn)
 g - a +0 pair of gloves (worn)
 F - a +0 cloak (worn)
 J - the orb "Lyucwae" (worn) {light, rPois Will- Str+6}
   (You found it on level 5 of the Dungeon)

   Str+6:     It affects your strength (+6).
   rPois:     It protects you from poison Will-: It decreases your willpower.
 R - a +1 helmet
 S - a +0 troll leather armour
 T - a +2 helmet (worn)
 V - a +3 leather armour (worn)
Magical Staves
 t - a staff of earth (weapon)
 M - a staff of air
Jewellery
 a - a ring of protection from cold
 n - a ring of poison resistance (left hand)
 E - a ring of ice
 N - a +4 ring of slaying
 Q - a +4 ring of protection (right hand)
 U - a +4 ring of slaying
 X - a ring of protection from fire
Wands
 y - a wand of polymorph (13)
 G - a wand of mindburst (22)
 K - a wand of charming (16)
 L - a wand of roots (8)
 W - a wand of flame (6)
Scrolls
 p - 4 scrolls of fog
 r - 3 scrolls of enchant weapon
 v - a scroll of brand weapon
 w - 2 scrolls of poison
 z - 2 scrolls of revelation
 A - 3 scrolls of teleportation
 B - a scroll of enchant armour
Potions
 e - a potion of cancellation
 i - 2 potions of berserk rage
 j - 2 potions of enlightenment
 m - 3 potions of haste
 s - a potion of brilliance
 u - a potion of attraction
 x - a potion of ambrosia
 C - a potion of invisibility
 D - a potion of mutation
 H - a potion of curing
 I - a potion of resistance {unknown}
 O - 2 potions of degeneration {unknown}
 Y - a potion of might {unknown}
 Z - a potion of heal wounds


   Skills:
 + Level 10.0 Fighting
 - Level 12.0 Staves
 + Level 10.0 Dodging
 - Level 2.4 Stealth
 * Level 10.1 Spellcasting
 - Level 6.0 Conjurations
 - Level 1.1 Summonings
 - Level 1.1 Translocations
 - Level 4.0 Earth Magic
 + Level 10.0 Invocations
 - Level 5.0 Evocations


You had 17 spell levels left.
You knew the following spells:

 Your Spells              Type           Power      Damage    Failure   Level
a - Magic Dart            Conj           100%       1d8       1%          1
b - Blink                 Tloc           36%        N/A       6%          2
d - Cigotuvi's Dreadful   Necr/Pois/Air  24%        N/A       10%         2
e - Mephitic Cloud        Conj/Pois/Air  22%        N/A       9%          3
f - Stone Arrow           Conj/Erth      100%       3d13      2%          3
g - Brom's Barrelling Bo  Conj/Erth      54%        2d7       8%          4

Your spell library contained the following spells:

 Spells                   Type           Power      Damage    Failure   Level
 Sandblast                Erth           98%        2d20      1%          1
 Passwall                 Tmut/Erth      28%        N/A       4%          2
 Slow                     Hex            48%        N/A       6%          1
 Call Imp                 Summ           36%        N/A       6%          2
 Call Canine Familiar     Summ           18%        N/A       12%         3
 Sigil of Binding         Hex            12%        N/A       19%         3
 Leda's Liquefaction      Hex/Erth       17%        N/A       26%         4
 Dimensional Bullseye     Hex/Tloc       7%         N/A       45%         4
 Dispel Undead            Necr           12%        3d9       52%         4
 Death Channel            Necr           6%         N/A       100%        6


Dungeon Overview and Level Annotations

Branches:
Dungeon (11/15)            Temple (1/1) D:6            Lair (5/5) D:10
  Swamp (0/4) Lair:3        Snake (0/4) Lair:3          Orc (2/2) D:9
  Slime: Lair:4-5       Elf: Orc:2

Altars:
Ashenzari
Cheibriados
Dithmenos
Elyvilon
Fedhas
Gozag
Hepliaklqana
Kikubaaqudgha
Makhleb
Nemelex Xobeh
Okawaru
Qazlal
Ru
Sif Muna
Trog
Uskayaw
Vehumet
Wu Jian
Xom
Yredelemnul
Zin
The Shining One

Shops:
D:6 *

Annotations:
D:4 Edmund
Lair:4 exclusion: oklob plant


Message History

The troll is engulfed in noxious fumes.
The troll appears confused.
The troll barely misses you. The troll closely misses you.
The troll claws you but does no damage.
You take 2 damage, and have 33/82 hp.
You now have 3/29 mp.
The orc warrior is engulfed in noxious fumes.
The orc warrior appears confused.
The troll is engulfed in noxious fumes.
The troll says, "Why is everything spinning?"
The orc warlord attacks as it pursues you!
The orc warlord hits you with a +2 long sword of holy wrath!
* * * LOW HITPOINT WARNING * * *
You take 16 damage, and have 17/82 hp.
The orc warrior is engulfed in noxious fumes.
The orc warrior appears confused.
Press: ? - help, v - describe, . - travel
Here: an orc warlord, wielding a +2 long sword of holy wrath, wearing a +4 plate armour of poison resistance and wearing a +0 kite shield (haloed)
The floor.
Unknown command.
Unknown command.
Unknown command.
Okay, then.
Aiming: Polymorph
Press: ? - help, Shift-Dir - straight line, f - orc warlord
Aim: an orc warlord, wielding a +2 long sword of holy wrath, wearing a +4 plate armour of poison resistance and wearing a +0 kite shield (haloed, will become a white draconian, an ice dragon, or a fire giant, chance to affect: 27%)
Okay, then.
Unknown command.
Unknown command.
Aiming: Fastroot
Press: ? - help, Shift-Dir - straight line The roots erupt in riotous growth!
Roots grab the orc warrior.
The grasping roots constrict the orc warrior.
The orc warrior struggles to escape constriction.
The orc warlord hits you with a +2 long sword of holy wrath!
* * * LOW HITPOINT WARNING * * *
You take 15 damage, and have 2/82 hp.
The grasping roots constrict the orc warrior.
The roots release their grip on the orc warrior.
The orc warlord attacks as it pursues you!
The orc warlord hits you with a +2 long sword of holy wrath!
You die...

##......##..#..^##
##.......#....#..##
###.......).....#...#
##..#.#..#...........# ###
#........#...........# ##.##
####....T.............##
#...###.#...).°..............#
##.##........○°..............#
#...........°○.o@...........##
##...........................#
###.#........o.............##
##.##.....................#
##...#............##......##
#...###.##.........##.#...##
##.## ###....#....##...#...#
### ##.......####.###.##
##......###.#.#####


You could see an orc warlord, a troll (confused) and an orc warrior (strong,
confused).

Vanquished Creatures
  An eleionoma (Lair:3)
  A hydra (Lair:5)
  2 two-headed ogres
  A boulder beetle (Lair:2)
  A skyshark (Lair:2)
  An orc sorcerer (Orc:1)
  Joseph (Lair:1)
  3 black mambas
  A salamander (Lair:3)
  9 elephants
  A gargoyle (D:11)
  8 cane toads
  An unseen horror (D:11)
  3 komodo dragons
  5 rime drakes
  5 trolls
  6 blink frogs
  A vampire (D:9)
  62 yaks
  7 wyverns
  A basilisk (Lair:2)
  Menkaure (D:5)
  A warg (Orc:1)
  2 acid dragons
  9 water moccasins
  2 sky beasts (D:7)
  An ice beast (D:7)
  An ogre (Orc:1)
  6 orc warriors
  5 black bears
  15 wolves
  4 centaurs
  A phantom (D:5)
  18 bullfrogs
  4 kobold brigands
  Blork the orc (D:4)
  4 scorpions
  8 wights (D:7)
  6 killer bees
  A howler monkey (D:9)
  2 lava snakes (Lair:3)
  A jelly (D:6)
  4 orc priests
  5 hounds
  Natasha (D:3)
  A sleepcap (D:5)
  2 iguanas
  7 orc wizards
  3 adders
  A shadow imp (D:7)
  A white imp (D:6)
  5 worms
  3 dart slugs
  27 orcs
  2 endoplasms
  2 giant cockroaches
  12 goblins
  12 hobgoblins
  3 quokkas
  7 ball pythons
  7 bats
  3 frilled lizards
  30 kobolds
  3 rats
355 creatures vanquished.

Vanquished Creatures (collateral kills)
  A worm (D:2)
  16 boulders
17 creatures vanquished.

Vanquished Creatures (others)
  9 boulders
9 creatures vanquished.

Grand Total: 381 creatures vanquished

Notes
Turn   | Place    | Note
-------+----------+-------------------------------------------
     0 | D:1      | jasper the Deep Elf Hedge Wizard began the quest for the
                  | Orb.
     0 | D:1      | Reached XP level 1. HP: 10/10 MP: 7/7
   222 | D:1      | Reached skill level 5 in Spellcasting
   344 | D:1      | Reached XP level 2. HP: 15/15 MP: 6/10
   347 | D:1      | Learned a level 2 spell: Blink
   350 | D:1      | Learned a level 2 spell: Call Imp
   353 | D:1      | Learned a level 2 spell: Cigotuvi's Dreadful Rot
  1463 | D:2      | Reached XP level 3. HP: 19/19 MP: 9/12
  1467 | D:2      | Learned a level 3 spell: Mephitic Cloud
  2203 | D:2      | Reached XP level 4. HP: 14/24 MP: 5/14
  3291 | D:3      | Reached XP level 5. HP: 28/28 MP: 6/16
  3430 | D:3      | Found a faded altar of an unknown god.
  3603 | D:4      | Noticed Blork the orc
  3619 | D:4      | Killed Blork the orc
  3642 | D:4      | Noticed Natasha
  3688 | D:3      | Killed Natasha
  3960 | D:4      | Found a stormy altar of Qazlal.
  3962 | D:4      | Found a glowing golden altar of the Shining One.
  4321 | D:4      | Reached XP level 6. HP: 7/32 MP: 16/18
  4535 | D:4      | Noticed Edmund
  4563 | D:5      | Entered Level 5 of the Dungeon
  4577 | D:5      | Found a snail-covered altar of Cheibriados.
  4610 | D:5      | Found a glowing silver altar of Zin.
  4925 | D:5      | Reached skill level 1 in Evocations
  5006 | D:5      | Reached skill level 1 in Fighting
  5169 | D:5      | Noticed Menkaure
  5176 | D:5      | Killed Menkaure
  5177 | D:5      | Reached XP level 7. HP: 26/38 MP: 16/21
  5521 | D:5      | Identified the orb "Lyucwae" {light, rPois Will- Str+6}
  6083 | D:6      | Found Qeckoer's General Store.
  6091 | D:6      | Bought a scroll of fog for 52 gold pieces
  6091 | D:6      | Bought a wand of mindburst (3) for 54 gold pieces
  6091 | D:6      | Bought a wand of charming (4) for 124 gold pieces
  6421 | D:6      | Learned a level 3 spell: Stone Arrow
  6481 | D:6      | Reached XP level 8. HP: 44/44 MP: 1/23
  6501 | D:6      | Reached skill level 1 in Earth Magic
  6616 | D:6      | Found a staircase to the Ecumenical Temple.
  6669 | Temple   | Entered the Ecumenical Temple
  6680 | Temple   | Became a worshipper of Sif Muna the Loreminder
  6822 | D:7      | Reached skill level 10 in Spellcasting
  6984 | D:7      | Reached skill level 5 in Conjurations
  7208 | D:7      | Found a shimmering altar of Xom.
  7387 | D:7      | Reached skill level 1 in Staves
  7387 | D:7      | Reached skill level 1 in Invocations
  7621 | D:7      | Reached XP level 9. HP: 49/49 MP: 18/25
  7632 | D:7      | Learned a level 4 spell: Brom's Barrelling Boulder
  7774 | D:7      | Reached skill level 2 in Staves
  7774 | D:7      | Reached skill level 5 in Dodging
  7889 | D:7      | Found an ornate altar of the Wu Jian Council.
  8014 | D:7      | Found an iron altar of Okawaru.
  8743 | D:8      | Reached * piety under Sif Muna
  8744 | D:8      | Reached skill level 3 in Staves
  8943 | D:8      | Reached skill level 5 in Evocations
  9152 | D:8      | Reached skill level 4 in Staves
  9348 | D:9      | Reached XP level 10. HP: 34/56 MP: 13/26
  9695 | D:9      | Noticed a two-headed ogre
  9746 | D:9      | Killed a two-headed ogre
  9747 | D:9      | Reached skill level 5 in Invocations
  9819 | D:9      | Found a staircase to the Orcish Mines.
  9822 | D:9      | Found a hazy altar of Hepliaklqana.
  9906 | D:9      | Reached ** piety under Sif Muna
 10160 | D:9      | Reached skill level 5 in Staves
 10252 | D:9      | Found an opulent altar of Gozag.
 10390 | D:9      | Found a sparkling altar of Nemelex Xobeh.
 10410 | D:9      | Identified the +1 short sword "Cuterr" {heavy, Contam rC+
                  | Will+ Dex+5}
 10730 | D:10     | Entered Level 10 of the Dungeon
 10730 | D:10     | Found a broken altar of Ashenzari.
 10822 | D:10     | Reached skill level 5 in Fighting
 11283 | D:10     | Found a blossoming altar of Fedhas.
 11337 | D:10     | Found a staircase to the Lair.
 11353 | D:10     | Reached skill level 6 in Staves
 11552 | D:10     | Reached XP level 11. HP: 64/64 MP: 11/27
 11840 | D:11     | Noticed a two-headed ogre
 11959 | D:11     | Killed a two-headed ogre
 12528 | D:11     | Noticed a red ugly thing
 12570 | Lair:1   | Entered Level 1 of the Lair of Beasts
 12585 | Lair:1   | Reached skill level 7 in Staves
 12590 | Lair:1   | Reached *** piety under Sif Muna
 12873 | Lair:1   | Reached skill level 10 in Dodging
 13353 | Lair:1   | Noticed Joseph
 13365 | Lair:1   | Killed Joseph
 13475 | Lair:1   | Reached skill level 8 in Staves
 13676 | Lair:1   | Reached XP level 12. HP: 72/72 MP: 18/28
 14035 | Lair:1   | Reached skill level 10 in Invocations
 14307 | Lair:1   | Reached **** piety under Sif Muna
 14915 | Lair:2   | Reached skill level 9 in Staves
 14928 | Lair:2   | Noticed a boulder beetle
 14985 | Lair:2   | HP: 2/72 [boulder beetle (46)]
 15424 | Lair:1   | Reached skill level 10 in Staves
 16354 | Lair:2   | Killed a boulder beetle
 16355 | Lair:2   | Reached skill level 11 in Staves
 17090 | Lair:3   | Reached skill level 12 in Staves
 17317 | Lair:3   | Found a staircase to the Snake Pit.
 17500 | Lair:3   | Noticed an eleionoma
 17506 | Lair:3   | Killed an eleionoma
 17507 | Lair:3   | Reached XP level 13. HP: 79/79 MP: 17/29
 17815 | Lair:3   | Found a staircase to the Swamp.
 18263 | Lair:5   | Entered Level 5 of the Lair of Beasts
 19596 | Orc:1    | Entered Level 1 of the Orcish Mines
 19805 | Orc:2    | Entered Level 2 of the Orcish Mines
 19906 | Orc:2    | Noticed an orc warlord
 19913 | Orc:1    | Reached skill level 10 in Fighting
 20015 | Orc:1    | HP: 2/82 [orc warlord/+2 long sword of holy wrath (15)]
 20016 | Orc:1    | Mangled by an orc warlord

Illustrated notes

Levels and vault maps discovered:
D:1:      lightli_arrival_lavapool, layout_basic, kennysheep_crisscross
D:2:      layout_loops_ring, minmay_misc_feat_plants, minmay_tiny_reverse_x
D:3:      layout_basic, nicolae_ecumenical_lake_church
D:4:      layout_basic, chequers_temple_overflow_statue_of_worship, uniq_edmund,
          uniq_blork_the_orc, uniq_natasha
D:5:      layout_basic, mainiacjoe_overflow_paths, slow_altar_2, uniq_menkaure
D:6:      layout_rooms, minmay_temple_entry_butterflies, serial_shops,
          nicolae_shop_statue_plus, kennysheep_generic_room_3
D:7:      layout_layer_cave, okawaru_ov_weapons_minmay, marbit_many_paths,
          nicolae_overflow_hidden_temple
D:8:      nicolae_hitomezashi [nicolae_hito_row, nicolae_hito_row,
          nicolae_hito_row, nicolae_hito_row, nicolae_hito_row,
          nicolae_hito_row, nicolae_hito_row, nicolae_hito_row,
          nicolae_hito_row, nicolae_hito_row, nicolae_hito_row,
          nicolae_hito_row, nicolae_hito_row, nicolae_hito_row,
          nicolae_hito_row, nicolae_hito_row, nicolae_hito_row,
          nicolae_hito_row], layout_rooms
D:9:      layout_stronghold, nemelex_diamond_rough_becter,
          mainiacjoe_overflow_catwalk, nicolae_gozag_seed_capital, orc_0_dummy,
          billiards_dpeg
D:10:     layout_roguey, lemuel_crystal_altar, fedhas_altar_1,
          due_lair_maze_entry_diamond, minmay_misc_feat_rows
D:11:     layout_cave_pods, pdpol_wu_jian_five_deadly_venoms, uniq_snorg
Temple:   hellmonk_temple_flake
Lair:1:   layout_regular_city, uniq_joseph
Lair:2:   layout_misc_corridors, lemuel_old_faithful
Lair:3:   layout_cave_pods, alex1729_swamp_entry_worm_eleionoma,
          nicolae_snake_entry_warm_welcome
Lair:4:   minmay_lair_oklob_tunnel, layout_big_grid,
          infiniplex_staircase_pool_2, grunt_megastairs_2, serial_bayou_shore_b
Lair:5:   guppyfry_lair_end_dragon, layout_regular_city, wormcave, slime_entry_1
Orc:1:    layout_caves, portal_ice_cave_rime, minmay_orc_keep
Orc:2:    hellmonk_orc_salted, layout_caves, basic_altar, nicolae_shop_clearance

Skill      XL: |  1  2  3  4  5  6  7  8  9 10 11 12 13 |
---------------+----------------------------------------+-----
Spellcasting   | 5 6 7 8 9 10 | 10.1
Conjurations   | 2 3 4 6 |  6.0
Evocations     | 2 3 5 |  5.0
Fighting       | 1 2 4 5 7 8 10 | 10.0
Dodging        | 3 4 6 8 10 | 10.0
Earth Magic    | 4 |  4.0
Staves         | 1 4 6 8 12 | 12.0
Invocations    | 1 4 6 9 10 | 10.0
Stealth        | |  2.4
Summonings     | |  1.1
Translocations | |  1.1

Action                     |  1- 3 |  4- 6 |  7- 9 | 10-12 | 13-15 || total
---------------------------+-------+-------+-------+-------+-------++-------
  Melee: Short sword       |    12 |    11 |       |       |       ||    23
         Dagger            |     2 |       |     5 |       |       ||     7
         War axe           |       |    48 |    17 |       |       ||    65
         Staff             |       |       |    50 |   332 |    51 ||   433
   Cast: Magic Dart        |   101 |   119 |    55 |     7 |       ||   282
         Call Imp          |     3 |     3 |     2 |       |       ||     8
         Mephitic Cloud    |       |     1 |     2 |     6 |     5 ||    14
         Stone Arrow       |       |       |    69 |   275 |   100 ||   444
         Brom's Barrelling |       |       |     4 |    30 |       ||    34
 Invoke: Channel Magic     |       |       |       |     2 |     2 ||     4
  Evoke: Wand              |       |     2 |       |     5 |     2 ||     9
    Use: Scroll            |     5 |     5 |    10 |     6 |     2 ||    28
         Potion            |       |     1 |     2 |     2 |       ||     5
   Stab: Confused          |       |       |     2 |       |       ||     2
 Armour: Robe              |    16 |    41 |   103 |    28 |       ||   188
         Skin              |       |     4 |       |       |       ||     4
         Troll leather arm |       |       |       |    25 |       ||    25
         Leather armour    |       |       |       |   271 |   127 ||   398
  Dodge: Dodged            |    14 |    56 |   121 |   356 |   127 ||   674

Table legend: (Time is in decaauts)
 A = Elapsed time spent in this place.
 B = Non-inter-level travel time spent in this place.
 C = Inter-level travel time spent in this place.
 D = Time resting spent in this place.
 E = Time spent auto-exploring this place.
 F = Levels seen in this place.
 G = Mean time per level.
                   A        B        C        D        E       F      G
               +--------+--------+--------+--------+--------+-----+--------+
         Total |  19986 |  19244 |    742 |   1848 |  14338 |  19 | 1051.9 |
       Dungeon |  12632 |  12118 |    514 |    868 |   9439 |  11 | 1148.4 |
        Temple |     22 |      2 |     20 |      0 |      0 |   1 |   22.0 |
          Lair |   6908 |   6716 |    192 |    810 |   4714 |   5 | 1381.6 |
  Orcish Mines |    422 |    406 |     16 |    170 |    185 |   2 |  211.0 |
               +--------+--------+--------+--------+--------+-----+--------+

Top non-repeatable levels by time:
  Lair:1: 2772 daAuts
     D:7: 1913 daAuts
  Lair:3: 1628 daAuts
     D:5: 1485 daAuts
     D:9: 1444 daAuts
     D:1: 1396 daAuts
    D:10: 1351 daAuts
     D:3: 1240 daAuts
  Lair:2: 1223 daAuts
     D:2: 1036 daAuts
  Lair:4: 967 daAuts
     D:4: 904 daAuts
     D:8: 679 daAuts
     D:6: 666 daAuts
    D:11: 513 daAuts
